 Dungeon Crawl Stone Soup version 0.28-a0-1638-g9123634e07 (webtiles) character file.

Game seed: 10242087717936517242

8009 murtidash the Basher (level 10, -3/69 HPs)
             Began as a Demigod Ice Elementalist on Jan 25, 2022.
             Slain by a boulder beetle (20 damage)
             ... on level 10 of the Dungeon.
             The game lasted 00:30:53 (11611 turns).

murtidash the Basher (Demigod Ice Elementalist)    Turns: 11611, Time: 00:30:54

Health: -3/69      AC: 20    Str: 13    XL:     10   Next: 75%
Magic:  6/17       EV: 11    Int: 25    God:
Gold:   553        SH:  3    Dex: 14    Spells: 4/15 levels left

rFire   . . .      SeeInvis .   d - +8 demon trident "Rift" {distort, reach+}
rCold   . . .      Faith    .   F - +0 buckler {AC+3}
rNeg    . . .      Spirit   .   v - +0 steam dragon scales
rPois   +          Reflect  .   (no helmet)
rElec   .          Harm     .   u - +1 cloak
rCorr   .          Rampage  .   (no gloves)
Will    +....                   b - +1 pair of boots
Stlth   ++........              (no amulet)
HPRegen 0.21/turn               h - ring of wizardry {Wiz+, !d}
MPRegen 0.15/turn               k - ring of poison resistance {rPois, !d}

@: ice-armoured, freezing walls
A: high mp 1, forlorn, divine attributes
a: no special abilities


You were on level 10 of the Dungeon.
You visited 1 branch of the dungeon, and saw 10 of its levels.
You also visited: Sewer.

You collected 553 gold pieces.

Inventory:

Hand Weapons
 c - a +0 battleaxe
   (You found it on level 1 of the Dungeon)
 d - the +8 demon trident "Rift" (weapon) {distort, reach+}
   (You took it off a kobold on level 3 of the Dungeon)

   It warps and distorts space around it, and may blink, banish, or inflict
   extra damage upon those it strikes.
   Unwielding it can cause banishment or high damage.
   It can reach especially far, and its reaching attacks ignore other creatures
   in the way.
 m - a +2 whip of draining
   (You took it off a kobold on level 3 of the Dungeon)
 w - the +11 hunting sling "Hell-Harrower" {speed, *Slow Will+ rCorr}
   (You found it on level 4 of the Dungeon)

   Attacks with this weapon are significantly faster.
   rCorr:     It protects you from acid and corrosion.
   *Slow:     It may slow you when you take damage.
   Will:      It increases your willpower.
Armour
 a - a +0 scale mail
   (You found it on level 3 of the Dungeon)
 b - a +1 pair of boots (worn)
   (You found it on level 1 of the Dungeon)
 u - a +1 cloak (worn)
   (You found it on level 8 of the Dungeon)
 v - +0 steam dragon scales (worn)
   (You found it on level 8 of the Dungeon)
 F - a +0 buckler of protection (worn)
   (You found it on level 10 of the Dungeon)
Jewellery
 f - a ring of protection from fire {rF+, !d}
   (You took it off a gnoll on level 4 of the Dungeon)
 h - a ring of wizardry (left hand) {Wiz+, !d}
   (You found it on level 1 of the Dungeon)
 k - a ring of poison resistance (right hand) {rPois, !d}
   (You found it on level 7 of the Dungeon)
 l - a ring of positive energy {rN+}
   (You found it on level 7 of the Dungeon)
 C - a ring of wizardry {Wiz+, !d}
   (You found it on level 4 of the Dungeon)
Wands
 i - a wand of paralysis (9)
   (You found it on level 2 of the Dungeon)
 s - a wand of acid (5)
   (You took it off Ijyb on level 3 of the Dungeon)
 t - a wand of iceblast (19)
   (You found it on level 5 of the Dungeon)
 A - a wand of flame (42)
   (You found it on level 4 of the Dungeon)
Scrolls
 q - a scroll of magic mapping {!r}
 r - a scroll of enchant weapon
 y - 2 scrolls of silence {unknown}
Potions
 e - 5 potions of mutation {!q}
 g - a potion of brilliance
 j - a potion of lignification {unknown}
 n - a potion of ambrosia {unknown}
 o - a potion of attraction {unknown}
 p - a potion of resistance {unknown}
 x - a potion of flight {unknown}
 z - 4 potions of cancellation
 B - 2 potions of haste
 D - a potion of might {unknown}
 J - a potion of magic {unknown}
 K - a potion of degeneration {unknown}
Miscellaneous
 E - a piece from Xom's chessboard (15/15)
   (You found it on level 9 of the Dungeon)


   Skills:
 * Level 12.6 Maces & Flails
 - Level 1.7 Dodging
 - Level 1.7 Stealth
 + Level 0.0 Shields
 - Level 3.0 Spellcasting
 - Level 2.7 Translocations
 + Level 8.5 Ice Magic
 - Level 3.0 Air Magic


You had 4 spell levels left.
You knew the following spells:

 Your Spells              Type           Power      Damage    Failure   Level
b - Frozen Ramparts       Ice            92%        1d11      1%          3
c - Ozocubu's Armour      Ice            46%        N/A       1%          3
s - Swiftness             Air            18%        N/A       4%          3
Z - Blink                 Tloc           34%        N/A       2%          2

Your spell library contained the following spells:

 Spells                   Type           Power      Damage    Failure   Level
 Freeze                   Ice            100%       1d11      1%          1
 Ensorcelled Hibernation  Hex/Ice        50%        N/A       1%          2
 Gell's Gravitas          Tloc           17%        N/A       5%          3
 Teleport Other           Tloc           17%        N/A       5%          3
 Sandblast                Erth           6%         2d5       6%          1
 Passwall                 Tmut/Erth      2%         N/A       9%          2
 Portal Projectile        Hex/Tloc       20%        N/A       10%         3
 Hailstorm                Conj/Ice       25%        3d7       10%         4
 Call Canine Familiar     Summ           3%         N/A       16%         3
 Stone Arrow              Conj/Erth      6%         3d7       16%         3
 Animate Armour           Summ/Erth      6%         N/A       45%         4
 Cause Fear               Hex            1%         N/A       45%         4
 Leda's Liquefaction      Hex/Erth       1%         N/A       45%         4
 Manifold Assault         Tloc           17%        N/A       43%         5
 Summon Mana Viper        Hex/Summ       3%         N/A       80%         5
 Dispersal                Tloc           8%         N/A       92%         6
 Storm Form               Tmut/Air       5%         N/A       100%        7
 Lehudib's Crystal Spear  Conj/Erth      1%         10d2      100%        8


Dungeon Overview and Level Annotations

Branches:
Dungeon (10/15)            Temple (0/1) D:7           Sewer (visited)
   Lair: D:8-11         Orc: D:9-12

Shops:
D:6 [   D:8 *   D:9 [![

Portals:
Abyss: D:3

Annotations:
D:3 frimble's ghost, weakling DsWr


Innate Abilities, Weirdness & Mutations

You have an increased reservoir of magic. (+10% MP)
You shall have no god before yourself.
Your divine heritage dramatically boosts your attributes as you level up.


Message History

The wall freezes the killer bee.
You kill the killer bee!
The wall freezes the killer bee. x3; The killer bee barely misses you.
The wall freezes the killer bee.
You hit the killer bee.
Space warps horribly around the killer bee!!
You kill the killer bee!
The wall freezes the killer bee. x2
You kill the killer bee!
No target in view!
The frozen ramparts melt away.
Your icy armour cracks and falls away as you move.
There is an open door here.
Things that are here:
a killer bee corpse; a killer bee corpse MP restored: 17 You see here a killer bee corpse.
You see here a +0 buckler of protection.
F - a +0 buckler of protection You start putting on your armour.
You continue putting on your +0 buckler of protection. x4
You finish putting on your +0 buckler of protection.
You feel protected.
Okay, then.
Unknown command.
You now have 544 gold pieces (gained 13).
You now have 553 gold pieces (gained 9).
You open the door.
A boulder beetle, an ogre mage, an eight-headed hydra and a centaur warrior come into view.
There is an open door here.
The eight-headed hydra roars!
You start waiting.
An eight-headed hydra is nearby!
You see here a killer bee corpse.
There is an open door here.
Things that are here:
a killer bee corpse; a killer bee corpse You see here a +0 falchion.
The boulder beetle curls into a ball and begins rolling!
The boulder beetle stops rolling and uncurls.
The boulder beetle curls into a ball and begins rolling!
The boulder beetle stops rolling and uncurls.
The boulder beetle curls into a ball and begins rolling!
There is an open door here.
Okay, then.
Unknown command.
A film of ice covers your body!
You now have 14/17 mp.
The walls around you are covered in ice.
The wall freezes the boulder beetle!
The wall freezes the boulder beetle.
The boulder beetle hits you!!
The boulder beetle stops rolling and uncurls.
You take 20 damage, and have 49/69 hp.
MASSIVE DAMAGE!!
You now have 11/17 mp.
Okay, then.
Unknown command.
Unknown command.
The mass of ice explodes!
The iceblast engulfs the eight-headed hydra!
The iceblast engulfs the boulder beetle!
The wall freezes the boulder beetle.
The boulder beetle bites you but does no damage.
The wall freezes the eight-headed hydra!
Aim: an eight-headed hydra (moderately wounded)
Okay, then.
Unknown command.
Your icy armour and frozen ramparts will break if you move.
Continue?
Your icy armour cracks and falls away as you move.
The frozen ramparts melt away as you move.
The boulder beetle curls into a ball and begins rolling!
A film of ice covers your body!
You now have 8/17 mp.
The walls around you are covered in ice.
The wall freezes the boulder beetle!
The boulder beetle hits you!!
* * * LOW HITPOINT WARNING * * *
The boulder beetle stops rolling and uncurls.
The wall freezes the eight-headed hydra.
The eight-headed hydra seems to slow down.
You take 33 damage, and have 16/69 hp.
MASSIVE DAMAGE!!
You now have 6/17 mp.
Okay, then.
Unknown command.
Unknown command.
Okay, then.
Unknown command.
Unknown command.
Unknown command.
Unknown command.
Unknown command.
Okay, then.
Unknown command.
Unknown command.
Unknown command.
Unknown command.
Okay, then.
Unknown command.
Unknown command.
Unknown command.
Aim: a boulder beetle (heavily wounded, chance to affect: 31%)
The boulder beetle easily resists.
The wall freezes the boulder beetle!
The boulder beetle bites you!!
You die...

#.....# #.#
#.....# #.#
#.....# #(#
########...(.####
#.#
○○°°.○○°°°B..○..#
#.#
########.....##.##
#.# #.....##.D#
#.# #.....###B#
#.# #.....# #@##
#.# ####### #..#
#.# ##.# #.# #.##
#.# #..# #.# ##.##
#.# #..# #.# ##.##
#.# #..# #.#


You could see a boulder beetle and an eight-headed hydra (slow).

Vanquished Creatures
  A manticore (D:9)
  2 kobold demonologists (D:6)
  Grinder (D:6)
  Sigmund (D:3)
  A shadow (D:9)
  A wyvern (D:7)
  6 yaks (D:9)
  3 steam dragons (D:8)
  An acid dragon (D:9)
  A black bear (D:8)
  3 sky beasts
  4 orc warriors
  3 necrophages
  2 ogres
  2 centaurs
  A small abomination (D:3)
  4 kobold brigands
  2 bullfrogs (D:8)
  2 gnoll sergeants
  10 scorpions
  A water moccasin skeleton (D:6)
  18 killer bees
  7 wights
  2 centaur zombies
  A bullfrog zombie (D:7)
  2 hounds
  A centaur skeleton (D:7)
  7 orc priests
  A bullfrog skeleton (D:5)
  2 iguanas
  4 orc wizards
  Ijyb (D:3)
  A hound skeleton (D:4)
  20 gnolls
  9 adders
  8 river rats
  A shadow imp (D:6)
  3 white imps
  An ufetubus (D:5)
  An adder skeleton (D:4)
  A worm (D:6)
  A dart slug (D:1)
  24 orcs
  9 ball pythons
  6 endoplasms
  5 giant cockroaches
  10 goblins
  10 hobgoblins
  3 jackals (D:3)
  15 kobolds
  4 quokkas
  6 bats
  3 frilled lizards
  38 rats
  2 butterflies (D:5)
279 creatures vanquished.

Notes
Turn   | Place    | Note
-------+----------+-------------------------------------------
     0 | D:1      | murtidash the Demigod Ice Elementalist began the quest for
                  | the Orb.
     0 | D:1      | Reached XP level 1. HP: 14/14 MP: 5/5
   100 | D:1      | Reached skill level 2 in Spellcasting
   173 | D:1      | Reached XP level 2. HP: 17/20 MP: 0/7
   310 | D:1      | Reached skill level 4 in Ice Magic
  1006 | D:1      | Reached XP level 3. HP: 25/26 MP: 9/9
  1452 | D:2      | Learned a level 3 spell: Frozen Ramparts
  1456 | D:2      | Learned a level 3 spell: Ozocubu's Armour
  1903 | D:3      | Found a one-way gate to the infinite horrors of the Abyss.
  1903 | D:3      | Noticed frimble's ghost (weakling DsWr)
  1921 | D:3      | Noticed a toenail golem
  1928 | D:3      | Noticed a small abomination
  1929 | D:3      | Found a transporter.
  2112 | D:3      | Noticed Sigmund
  2121 | D:3      | Killed Sigmund
  2122 | D:3      | Reached skill level 5 in Ice Magic
  2122 | D:3      | Reached XP level 4. HP: 20/33 MP: 1/10
  2122 | D:3      | Reached XP level 5. HP: 23/38 MP: 1/11
  2352 | D:3      | Reached skill level 6 in Ice Magic
  2610 | D:3      | Noticed Ijyb
  2615 | D:3      | Killed Ijyb
  2748 | D:3      | Reached XP level 6. HP: 39/45 MP: 3/12
  2892 | D:3      | Found a transporter.
  3089 | D:3      | Learned a level 3 spell: Swiftness
  3188 | D:3      | Reached skill level 7 in Ice Magic
  3188 | D:3      | Reached skill level 1 in Air Magic
  3207 | D:3      | HP: 7/45 [white imp/puff of frost (9)]
  3208 | D:3      | HP: 3/45 [white imp (3)]
  3476 | D:4      | Reached skill level 1 in Maces & Flails
  3476 | D:4      | Reached skill level 2 in Air Magic
  3476 | D:4      | Reached XP level 7. HP: 41/50 MP: 14/14
  3558 | D:4      | Identified the +11 hunting sling "Hell-Harrower" {speed,
                  | *Slow Will+ rCorr}
  3803 | D:4      | Reached skill level 2 in Maces & Flails
  4322 | D:4      | Reached skill level 3 in Spellcasting
  4548 | D:5      | Entered Level 5 of the Dungeon
  4553 | D:5      | Reached skill level 3 in Air Magic
  4669 | D:5      | Reached skill level 3 in Maces & Flails
  5025 | D:5      | Noticed a troll
  5031 | D:5      | Banished a troll
  5032 | D:5      | Reached skill level 4 in Maces & Flails
  5032 | D:5      | Reached XP level 8. HP: 57/57 MP: 8/15
  5101 | D:5      | Found a runed translucent door.
  5103 | D:5      | Found a runed translucent door.
  5118 | D:5      | Reached skill level 5 in Maces & Flails
  5444 | D:5      | Reached skill level 6 in Maces & Flails
  5615 | D:6      | Noticed a kobold demonologist
  5618 | D:6      | Found a glowing drain.
  5626 | D:6      | Killed a kobold demonologist
  5627 | D:6      | Reached skill level 7 in Maces & Flails
  5646 | Sewer    | Entered a sewer
  5922 | Sewer    | Reached skill level 8 in Maces & Flails
  5922 | Sewer    | Reached XP level 9. HP: 62/62 MP: 12/16
  6706 | D:6      | Noticed a kobold demonologist
  6730 | D:6      | Killed a kobold demonologist
  6731 | D:6      | Reached skill level 9 in Maces & Flails
  6943 | D:6      | Found Difoeloy's Armour Shop.
  7106 | D:6      | Noticed Grinder
  7114 | D:6      | Paralysed by Grinder for 5 turns
  7120 | D:6      | Killed Grinder
  7121 | D:6      | Reached skill level 10 in Maces & Flails
  8264 | D:7      | Reached skill level 11 in Maces & Flails
  8361 | D:7      | Found a staircase to the Ecumenical Temple.
  8580 | D:8      | Reached XP level 10. HP: 51/69 MP: 11/17
  9061 | D:8      | Learned a level 2 spell: Blink
  9078 | D:8      | Found Zupuscha's Profane Products.
  9168 | D:8      | Reached skill level 1 in Translocations
  9174 | D:8      | HP: 10/69 [steam dragon/ball of steam (16)]
  9706 | D:8      | Reached skill level 2 in Translocations
 10190 | D:9      | Found Eluockac's Antique Armour Shoppe.
 10231 | D:9      | Reached skill level 8 in Ice Magic
 10375 | D:9      | Found Velaen's Distillery.
 10438 | D:9      | Reached skill level 12 in Maces & Flails
 10761 | D:9      | Found Poas's Antique Armour Shoppe.
 10780 | D:9      | Noticed a manticore
 10798 | D:9      | Killed a manticore
 11354 | D:10     | Entered Level 10 of the Dungeon
 11406 | D:10     | Got the Volume of Bewitchment
 11559 | D:10     | Noticed a boulder beetle
 11559 | D:10     | Noticed an ogre mage
 11559 | D:10     | Noticed an eight-headed hydra
 11559 | D:10     | Noticed a centaur warrior
 11611 | D:10     | Slain by a boulder beetle

Illustrated notes

Levels and vault maps discovered:
D:1:      saegor_arrival_simple_d, layout_rooms,
          hellmonk_ecumenical_altar_lost_god
D:2:      layout_basic
D:3:      layout_loops_corners, chequers_temple_overflow_minitemple,
          gammafunk_ghost_abyssal_escape, grunt_ministairs_7,
          serial_bayou_pond_d, guppyfry_early_lair_pool, uniq_sigmund, uniq_ijyb
D:4:      layout_basic, eat_drink_and_be_merry_uskayaw, minmay_rat_hole
D:5:      lemuel_insect_pit, layout_basic
D:6:      layout_cave_pods, cheibrodos_sewer_entry_sluice, serial_shops, shop,
          uniq_grinder
D:7:      layout_rooms, temple_pool_b
D:8:      layout_gridville, kennysheep_little_box, nicolae_evil_shop
D:9:      layout_stronghold, serial_shops, shop, shop, nicolae_stop_n_shop_1,
          hellmonk_bongcloud_opening
D:10:     minmay_shrinking_squares, layout_basic, kennysheep_mini

Skill      XL: |  1  2  3  4  5  6  7  8  9 10 |
---------------+-------------------------------+-----
Spellcasting   | 2 3 |  3.0
Ice Magic      | 4 5 6 7 8 |  8.5
Air Magic      | 2 3 |  3.0
Maces & Flails | 1 4 8 11 12 | 12.6
Translocations | 2 |  2.7
Dodging        | |  1.7
Stealth        | |  1.7

Action                   |  1- 3 |  4- 6 |  7- 9 | 10-12 || total
-------------------------+-------+-------+-------+-------++-------
Melee: Unarmed           |     3 |       |       |       ||     3
       Battleaxe         |    54 |       |       |       ||    54
       Whip              |    15 |    36 |       |       ||    51
       Demon trident     |       |    12 |   226 |    98 ||   336
       Punch             |       |       |     2 |     4 ||     6
 Cast: Freeze            |    22 |    13 |       |       ||    35
       Frozen Ramparts   |     2 |     6 |    39 |    16 ||    63
       Ozocubu's Armour  |     1 |     2 |    14 |    12 ||    29
Evoke: Wand              |     1 |       |       |     4 ||     5
  Use: Potion            |       |     5 |       |     1 ||     6
       Scroll            |       |       |    15 |     1 ||    16
 Stab: Sleeping          |     4 |     3 |     6 |       ||    13
       Paralysed         |     4 |       |       |       ||     4
       Distracted        |       |       |     2 |       ||     2
Armor: Robe              |    25 |     4 |       |       ||    29
       Leather armour    |       |    11 |     2 |       ||    13
       Scale mail        |       |       |    42 |    12 ||    54
       Steam dragon scal |       |       |       |    34 ||    34
Dodge: Dodged            |    76 |    38 |    40 |    52 ||   206

Table legend: (Time is in decaauts)
 A = Elapsed time spent in this place.
 B = Non-inter-level travel time spent in this place.
 C = Inter-level travel time spent in this place.
 D = Time resting spent in this place.
 E = Time spent auto-exploring this place.
 F = Levels seen in this place.
 G = Mean time per level.
                   A        B        C        D        E       F      G
               +--------+--------+--------+--------+--------+-----+--------+
         Total |  11808 |  11170 |    638 |    702 |   8662 |  11 | 1073.5 |
       Dungeon |  11194 |  10556 |    638 |    583 |   8275 |  10 | 1119.4 |
         Sewer |    614 |    614 |      0 |    119 |    386 |   1 |  614.0 |
               +--------+--------+--------+--------+--------+-----+--------+

Top non-repeatable levels by time:
     D:3: 1836 daAuts
     D:8: 1602 daAuts
     D:6: 1496 daAuts
     D:9: 1286 daAuts
     D:1: 1258 daAuts
     D:4: 1139 daAuts
     D:7: 852 daAuts
     D:5: 828 daAuts
     D:2: 637 daAuts
   Sewer: 614 daAuts
    D:10: 258 daAuts

Table legend:
 A = Kills in this place as a percentage of kills in entire the game.
 B = Kills by you in this place as a percentage of kills by you in the entire game.
 C = Kills by friends in this place as a percentage of kills by friends in the entire game.
 D = Other kills in this place as a percentage of other kills in the entire game.
 E = Experience gained in this place as a percentage of experience gained in the entire game.
 F = Experience gained in this place divided by the number of levels of this place that you have seen.
                   A       B       C       D       E      F
               +-------+-------+-------+-------+-------+----------------------
         Total | 100.0 | 100.0 |   N/A | 100.0 | 100.0 | 1040.2
       Dungeon |  92.9 |  92.8 |   N/A | 100.0 |  98.9 | 1131.3
         Sewer |   7.1 |   7.2 |   N/A |   0.0 |   1.1 | 129.0
               +-------+-------+-------+-------+-------+----------------------
